Map: Dusk Towers

Players

kAnJi

  • Race: Terran Terran
  • League: Master

Miszu - Winner!

  • Race: Terran Terran
  • League: Master

VOD

Have the link to the VOD?

Description

Time

  • Played on: Feb. 6, 2016, 7:29 a.m.
  • Length: 16:29
Show
View Real Time Build Order
Export as new Build Order

kAnJi Terran 

Build Orders: Bio Tank 

Get SALT Encoding   

  12  0:01  SCV  
  13  0:13  SCV  
  14  0:17  Supply Depot  
  14  0:25  SCV  
  14  0:27  Refinery  
  15  0:39  SCV  
  16  0:45  Barracks  
  16  0:51  SCV  
  17  1:03  SCV  
  18  1:15  SCV  
  19  1:31  Orbital Command  
  19  1:32  Barracks Reactor  
  19  1:41  Command Center  
  19  1:52  Supply Depot  
  19  1:57  SCV  
  20  2:08  Marine  
  21  2:09  Marine, SCV  
  21  2:12  Factory  
  23  2:18  Refinery  
  23  2:21  SCV  
  24  2:25  Marine  
  24  2:26  Marine  
  26  2:33  SCV  
  27  2:43  Marine  
  28  2:44  Marine  
  28  2:45  SCV  
  30  2:53  Orbital Command  
  30  2:57  Starport  
  30  2:58  SCV, Factory Tech Lab  
  31  3:01  Marine  
  31  3:03  Marine  
  33  3:10  SCV  
  34  3:17  Siege Tank  
  34  3:19  SCV  
  38  3:22  SCV  
  39  3:30  Supply Depot  
  39  3:31  Barracks Tech Lab, SCV  
  40  3:34  SCV  
  40  3:36  Viking  
  43  3:43  SCV  
  43  3:44  Barracks  
  43  3:46  SCV  
  45  3:55  SCV  
  46  3:58  SCV  
  46  4:00  Stimpack  
  47  4:05  Supply Depot  
  47  4:06  Viking  
  47  4:07  SCV  
  50  4:10  Marine, SCV  
  52  4:19  SCV  
  52  4:21  Refinery  
  52  4:22  SCV  
  54  4:25  Supply Depot  
  54  4:27  Siege Tank  
  54  4:29  Marine  
  58  4:32  Marine x2  
  58  4:33  SCV  
  58  4:34  SCV  
  62  4:39  Engineering Bay  
  62  4:40  Starport Reactor  
  62  4:45  SCV  
  61  4:51  Marine x2  
  61  4:52  SCV  
  57  4:58  SCV  
  57  4:59  Siege Tank  
  60  5:04  SCV  
  61  5:10  SCV  
  61  5:13  Supply Depot, Marine  
  61  5:14  Supply Depot, Marine  
  64  5:16  SCV  
  64  5:20  Marine  
  64  5:21  Medivac  
  68  5:22  SCV  
  68  5:27  Refinery  
  68  5:28  SCV  
  70  5:30  Supply Depot  
  70  5:35  Medivac  
  72  5:38  SCV  
  72  5:40  Barracks  
  73  5:45  SCV  
  73  5:48  Terran Infantry Weapons Level 1  
  74  5:50  Supply Depot  
  74  5:54  Barracks  
  74  5:56  SCV  
  74  5:57  Barracks  
  75  5:59  Marine x2  
  75  6:02  Siege Tank  
  80  6:07  SCV  
  81  6:11  SCV  
  81  6:14  Marine  
  81  6:17  Marine x2  
  85  6:19  SCV  
  85  6:27  Medivac x2  
  85  6:28  SCV  
  85  6:32  Supply Depot, Marine  
  91  6:34  Marine, Siege Tank  
  91  6:35  Barracks Reactor  
  91  6:38  Supply Depot  
  91  6:39  Supply Depot  
  95  6:43  Combat Shields  
  95  6:53  Marine x2  
  93  6:54  Barracks Reactor  
  93  6:55  Barracks Reactor  
  93  7:08  Marine  
  90  7:10  Siege Tank  
  90  7:11  Marine x2  
  90  7:12  Marine  
  96  7:20  Marine  
  97  7:26  Marine  
  97  7:29  Supply Depot, Marine x2  
  100  7:30  Marine  
  100  7:32  Marine x2  
  103  7:37  Marine  
  103  7:39  Marine x2  
  103  7:41  Medivac x2, Command Center  
  103  7:44  Marine  
  110  7:48  Terran Infantry Armor Level 1  
  110  7:49  SCV x2  
  110  7:50  Supply Depot, Marine  
  114  7:53  Marine x2  
  110  8:03  Marine x2  
  103  8:10  Marine x4, Siege Tank  
  103  8:11  Medivac  
  104  8:30  Marine x2  
  104  8:31  Marine  
  104  8:32  Marine  
  104  8:33  Marine  
  104  8:34  Marine, Medivac  
  107  8:35  Marine  
  107  8:36  SCV  
  107  8:37  SCV  
  107  8:38  Marine x2  
  114  8:43  Siege Tank  
  114  8:48  Marine x2  
  117  8:49  Marine  
  117  8:50  Marine  
  117  8:51  Marine  
  117  8:52  Marine, SCV  
  117  8:53  Marine, SCV  
  117  8:54  Orbital Command  
  126  8:59  Marine  
  127  9:05  SCV x2  
  127  9:07  Marine  
  130  9:11  Factory, Marine  
  130  9:12  Marine x2  
  130  9:13  Marine  
  135  9:17  Marine x2, SCV x2  
  135  9:22  Siege Tank  
  135  9:23  SCV  
  142  9:27  Marine x3  
  142  9:29  SCV x2  
  147  9:38  Marine x4  
  133  9:39  Marine x2  
  133  9:45  Marine  
  123  9:47  Marine x2  
  123  9:48  SCV  
  123  9:50  Refinery x2  
  119  9:54  Siege Tank  
  119  9:55  Factory Tech Lab  
  119  9:56  Marine x3  
  125  10:00  Marine x2, SCV, Armory  
  125  10:02  Engineering Bay  
  128  10:07  Marine x4  
  128  10:14  Marine x3, Siege Tank  
  136  10:19  Marine x2  
  140  10:22  Medivac x2  
  140  10:26  Siege Tank  
  147  10:37  Command Center  
  147  10:46  Siege Tank  
  147  10:49  Marine x2  
  151  10:50  Supply Depot x2  
  151  10:51  Terran Infantry Armor Level 2  
  151  10:58  Siege Tank  
  149  11:04  SCV  
  149  11:06  Terran Infantry Weapons Level 2  
  149  11:07  Terran Vehicle Weapons Level 1  
  149  11:08  Marine x2  
  149  11:09  Medivac  
  154  11:15  Marine x2  
  154  11:16  Marine  
  154  11:18  Siege Tank  
  160  11:26  Marine x2  
  162  11:34  Marine x2, Siege Tank  
  162  11:38  Marine x2  
  169  11:41  Supply Depot  
  169  11:43  Supply Depot  
  169  11:46  Marine x2  
  171  11:47  Medivac  
  173  11:55  SCV x3  
  173  11:56  Supply Depot  
  173  12:01  Marine x2  
  163  12:05  Marine, Siege Tank  
  131  12:27  Marine x3  
  131  12:29  Marine x2  
  136  12:33  Marine x3  
  136  12:36  Siege Tank  
  142  12:42  Barracks x2  
  142  12:43  SCV x2, Planetary Fortress  
  142  12:44  Barracks  
  144  12:50  Marine  
  144  12:51  Marine, Siege Tank  
  146  12:53  Marine  
  146  12:54  Marine  
  151  13:00  SCV  
  151  13:02  Marine x2  
  154  13:05  SCV  
  154  13:06  Marine x2  
  154  13:12  Marine x2  
  158  13:17  Marine  
  155  13:25  Marine  
  155  13:26  Marine x2  
  158  13:28  Terran Infantry Weapons Level 3  
  158  13:31  Marine x2  
  158  13:32  Medivac  
  162  13:44  Marine x3  
  162  13:45  Marine  
  162  13:46  Marine  
  164  13:52  Medivac  
  166  13:56  Terran Vehicle Weapons Level 2  
  166  14:01  Marine x3  
  169  14:03  Medivac  
  171  14:10  Marine  
  171  14:12  Marine x2  
  171  14:16  Marine x2  
  176  14:22  Medivac  
  159  14:28  Marine x2  
  159  14:30  Command Center, Marine, Siege Tank x2  
  159  14:31  Marine  
  159  14:39  Marine x2  
  161  14:52  Marine  
  147  15:00  Marine x5  
  147  15:02  Siege Tank x2  
  141  15:09  Marine x3  
  141  15:12  Marine, Liberator x2  
  138  15:18  Marine x3  
  133  15:24  Marine x2  
  133  15:27  Marine x3  
  138  15:33  SCV x2  
  138  15:34  Siege Tank x2  
  149  15:36  Marine x2  
  149  15:39  Marine  
  149  15:42  Barracks Reactor  
  152  15:45  SCV  
  152  15:53  Marine x2  
  152  15:55  Marine  
  152  15:56  Marine  
  156  15:58  SCV x2  
  156  16:05  Marine  
  156  16:06  Marine  
  156  16:07  Marine x2  
  156  16:09  Marine x3  
Show
View Real Time Build Order
Export as new Build Order

Miszu Terran - Winner!

Build Orders: Bio Tank 

Get SALT Encoding   

  12  0:00  SCV  
  13  0:12  SCV  
  14  0:17  Supply Depot  
  14  0:24  SCV  
  15  0:38  SCV  
  15  0:40  Barracks  
  16  0:43  Refinery  
  16  0:51  SCV  
  17  1:03  SCV  
  18  1:15  SCV  
  19  1:27  Orbital Command  
  19  1:28  Barracks Reactor  
  19  1:41  Command Center  
  19  1:50  Supply Depot  
  19  1:52  SCV  
  20  2:05  Factory  
  20  2:06  SCV  
  21  2:11  Marine  
  21  2:12  Marine  
  23  2:17  Refinery  
  23  2:20  SCV  
  24  2:31  Marine x2  
  24  2:32  SCV  
  27  2:44  SCV  
  27  2:50  Starport, Marine, Factory Tech Lab  
  29  2:51  Marine  
  29  2:56  SCV  
  31  3:00  Orbital Command  
  31  3:08  Marine, SCV  
  31  3:09  Marine  
  34  3:12  Widow Mine  
  36  3:20  SCV  
  36  3:23  Supply Depot  
  36  3:26  SCV  
  38  3:30  Medivac  
  38  3:31  Marine  
  38  3:33  SCV  
  42  3:38  SCV  
  43  3:42  Cyclone  
  43  3:46  Marine, SCV  
  48  3:49  Marine  
  48  3:55  SCV  
  50  3:57  Supply Depot  
  50  4:00  SCV  
  51  4:07  SCV  
  52  4:12  SCV  
  52  4:13  Command Center  
  53  4:23  Starport Reactor  
  53  4:24  SCV  
  54  4:26  SCV  
  54  4:29  Barracks  
  54  4:30  Barracks Tech Lab  
  55  4:31  Barracks  
  55  4:36  SCV  
  57  4:38  SCV  
  55  4:48  SCV  
  55  4:50  SCV  
  51  4:53  Marine  
  51  4:57  Supply Depot  
  50  5:00  SCV  
  50  5:01  Stimpack  
  50  5:02  SCV  
  52  5:10  Barracks  
  52  5:11  Marine, Barracks  
  52  5:12  SCV  
  54  5:15  SCV  
  54  5:18  Marine x2  
  54  5:19  Refinery x2, Barracks Tech Lab  
  57  5:24  Siege Tank  
  57  5:26  Orbital Command  
  57  5:27  SCV x2  
  62  5:31  Marine  
  63  5:36  Marine x2  
  63  5:38  Medivac  
  63  5:39  Medivac, SCV  
  70  5:43  Combat Shields  
  70  5:45  SCV  
  70  5:49  Marine  
  72  5:51  SCV  
  72  5:53  Engineering Bay x2  
  73  5:57  Marine x2  
  73  5:59  Siege Tank, Orbital Command  
  73  6:01  Barracks Reactor  
  73  6:03  Barracks Reactor  
  73  6:04  Marine  
  78  6:06  SCV x2  
  82  6:18  SCV  
  82  6:19  SCV  
  82  6:21  Marine  
  82  6:23  Marine  
  85  6:31  Terran Infantry Armor Level 1  
  85  6:32  Marine x2, SCV  
  85  6:43  Supply Depot  
  85  6:44  Marine x3  
  85  6:45  Supply Depot, Medivac, Siege Tank, SCV x2  
  95  6:49  Marine x2  
  96  6:59  Marine x3  
  99  7:02  Marine x2  
  99  7:04  Marine  
  95  7:10  Marine x2  
  95  7:15  Medivac x2  
  101  7:16  Marine  
  101  7:17  Marine, Siege Tank  
  103  7:23  Marine x3  
  103  7:24  Marine  
  103  7:28  Marine x2  
  106  7:34  Marine  
  106  7:35  Marine  
  101  7:37  SCV x2  
  101  7:38  SCV  
  101  7:40  Refinery x2, Marine  
  101  7:41  Supply Depot, Marine  
  101  7:42  Supply Depot, Armory  
  106  7:45  Medivac  
  106  7:49  Siege Tank, SCV  
  112  7:53  SCV  
  97  8:06  Marine x8  
  97  8:08  Orbital Command  
  103  8:21  Siege Tank  
  103  8:23  Marine  
  103  8:24  Marine x4  
  95  8:37  Marine  
  95  8:38  Marine  
  95  8:39  Marine  
  94  8:41  Marine  
  94  8:42  Marine x4  
  94  8:47  SCV  
  94  8:48  SCV x2  
  102  8:49  Sensor Tower  
  102  8:50  Refinery  
  102  8:55  Marine, Medivac x2  
  107  8:56  Marine x2  
  107  8:59  Marine, SCV  
  107  9:00  Marine x2  
  113  9:06  Marine  
  113  9:07  Siege Tank  
  117  9:10  Sensor Tower  
  117  9:20  SCV x3  
  117  9:21  Terran Infantry Armor Level 2  
  119  9:26  Terran Vehicle Weapons Level 1  
  83  9:51  Marine x8  
  83  9:52  Medivac, Siege Tank  
  96  9:54  Medivac  
  96  9:55  SCV  
  99  10:02  Engineering Bay  
  99  10:07  Factory  
  99  10:08  Marine  
  99  10:09  Marine x6  
  106  10:16  Marine  
  106  10:19  SCV x2  
  106  10:20  SCV  
  110  10:24  Siege Tank  
  110  10:26  Marine  
  110  10:27  Marine x6, Medivac x2  
  124  10:31  SCV x2  
  124  10:32  SCV  
  124  10:34  Marine  
  128  10:36  Terran Infantry Weapons Level 1  
  128  10:37  Supply Depot  
  128  10:38  Supply Depot  
  127  10:43  SCV  
  127  10:44  Marine x2  
  127  10:45  Marine x3  
  133  10:50  Factory Tech Lab  
  133  10:58  Marine x2, Siege Tank, SCV x3  
  133  10:59  Marine  
  133  11:02  Marine x2  
  133  11:03  Marine  
  138  11:06  Medivac x2  
  138  11:10  Siege Tank, SCV  
  146  11:12  Marine  
  147  11:20  Command Center  
  147  11:22  Supply Depot  
  147  11:24  Supply Depot  
  147  11:26  Supply Depot, Marine  
  147  11:27  Marine  
  147  11:30  Siege Tank  
  147  11:31  Marine  
  153  11:35  Marine  
  153  11:37  Marine  
  153  11:38  Marine  
  156  11:40  Medivac  
  156  11:44  Siege Tank  
  156  11:45  Marine  
  156  11:46  Marine x3  
  158  12:01  Marine  
  158  12:02  Medivac, Siege Tank  
  113  12:34  Marine  
  113  12:35  Marine x7  
  120  12:38  Siege Tank  
  120  12:39  Siege Tank  
  126  12:50  Terran Infantry Weapons Level 2  
  126  12:51  Terran Infantry Armor Level 3  
  126  12:52  Marine x6  
  126  12:53  Marine x2, Terran Vehicle Weapons Level 2  
  126  12:54  Medivac x2  
  138  13:10  Marine x8, Siege Tank  
  138  13:11  Siege Tank  
  152  13:24  Medivac  
  154  13:27  Marine  
  154  13:28  Marine x7, Medivac  
  154  13:33  Sensor Tower  
  164  13:42  Siege Tank  
  164  13:45  Marine  
  164  13:46  Marine x2  
  165  13:57  Marine x5  
  170  14:03  Marine  
  170  14:04  Marine x2  
  173  14:14  Marine  
  173  14:15  Marine x4  
  178  14:21  Marine x3  
  160  14:32  Marine  
  160  14:33  Marine x2, Siege Tank  
  160  14:35  SCV  
  161  14:41  Marine  
  161  14:42  Siege Tank  
  149  15:01  Marine  
  149  15:02  Marine x7  
  146  15:19  Marine, Siege Tank x2  
  146  15:20  Marine x7  
  156  15:37  Marine  
  156  15:38  Marine x5, Marauder  
  164  15:45  Marine  
  164  15:48  Medivac  
  159  15:51  Siege Tank x2  
  159  15:55  Marine x2  
Tags
 
Add a new tag
Caveats
  • Supply blocks, unpowered buildings, or Contaminate may cause inaccurate times.
  • Supply counts are checked every 10 seconds.